 Dungeon Sprint DCSS version 0.28-a0-199-g298df9dbad (webtiles) character file.

Game seed: 16870842649774352452

111 MikeHunt the Chucker (level 4, 0/41 HPs)
             Began as a Troll Hunter on Aug 19, 2021.
             Slain by a human (13 damage)
             ... in the Dungeon (Sprint III: "The Ten Rune Challenge").
             The game lasted 00:01:26 (128 turns).

MikeHunt the Chucker (Troll Hunter)                  Turns: 128, Time: 00:01:27

Health: 0/41       AC:  4    Str: 20    XL:     4   Next: 62%
Magic:  3/3        EV:  9    Int:  7    God:
Gold:   21         SH:  0    Dex: 11    Spells: 3/3 levels left

rFire   . . .      SeeInvis .     - Unarmed
rCold   . . .      Faith    .   (no shield)
rNeg    . . .      Spirit   .   b - +0 robe
rPois   .          Reflect  .   (helmet restricted)
rElec   .          Harm     .   (no cloak)
rCorr   .          Rampage  .   (gloves unavailable)
Will    .....      NoTele   +   (boots unavailable)
Stlth   +.........              (no amulet)
HPRegen 1.13/turn               (no ring)
MPRegen 0.08/turn               (no ring)

@: no status effects
A: large, unfitting armour, claws 3, regeneration 1, shaggy fur 1, tough skin 1
a: no special abilities


You were in the Dungeon.
You visited 1 branch You collected 21 gold pieces.

Inventory:

Missiles
 c - a large rock (quivered)
 d - 2 throwing nets
Armour
 b - a +0 robe (worn)
Scrolls
 a - 2 scrolls of torment {unknown}
 j - a scroll of blinking
 k - 2 scrolls of identify {unknown}
Potions
 e - 3 potions of curing
 f - a potion of heal wounds
 g - a potion of haste
 h - 2 potions of magic
 i - a potion of berserk rage
 l - 2 potions of flight
 m - 5 potions of mutation


   Skills:
 + Level 1.5 Fighting
 + Level 7.0 Throwing
 + Level 1.5 Dodging
 - Level 0.3 Stealth
 + Level 6.4 Unarmed Combat


You had 3 spell levels left.
You didn't know any spells.
Your spell library contained the following spells:

 Spells                   Type           Power      Damage    Failure   Level
 Ignite Poison            Fire/Tmut/Pois 0%         N/A       80%         3
 Mephitic Cloud           Conj/Pois/Air  0%         N/A       80%         3
 Bolt of Magma            Conj/Fire/Erth 0%         4d4       100%        5


Dungeon Overview and Level Annotations

Branches:
Dungeon (1/1)

Altars:
Okawaru
Trog
Uskayaw
Wu Jian
Beogh


Innate Abilities, Weirdness & Mutations

You are too large for most types of armour.
You have claws for hands.
Your natural rate of healing is unusually fast.
You are covered in fur. (AC +1)
You have tough skin. (AC +1)


Message History

Your Unarmed Combat skill gained 2 levels and is now at level 6!
You have reached level 4!
You start resting.
HP restored.
c - 3 large rocks (gained 1)
c - 4 large rocks (gained 1)
c - 5 large rocks (gained 1)
There is an open door to the Ecumenical Temple here.
You open the door.
Found a hide-covered altar of Uskayaw and an iron altar of Okawaru.
A human comes into view.
The human shouts!
You hear a shout!
Found a scale mail.
Found three altars.
Throw: 5 large rocks
Press: ? - help, Q - select action, (/) - cycle Shift-Dir - straight line, f - human
Aim: a human (48% to hit)
You throw a large rock. The large rock hits the human!
The human is heavily wounded.
The human drinks a potion.
The human seems to grow stronger.
A human comes into view. It is wielding a +0 short sword.
The human drinks a potion.
The human goes berserk!
Throw: 4 large rocks
Press: ? - help, Q - select action, (/) - cycle Shift-Dir - straight line, f/p - human
Aim: a human (heavily wounded, strong, 48% to hit)
You throw a large rock. The large rock barely misses the human.
The human hits you! The human hits you but does no damage.
Throw: 3 large rocks
Press: ? - help, Q - select action, (/) - cycle Shift-Dir - straight line, f/p - human
Aim: a human (heavily wounded, strong, 48% to hit)
You throw a large rock. The large rock misses the human.
The human hits you with a +0 short sword.
The human hits you! The human barely misses you.
Throw: 2 large rocks
Press: ? - help, Q - select action, (/) - cycle Shift-Dir - straight line, f/p - human
Aim: a human (heavily wounded, strong, 48% to hit)
You throw a large rock.
The large rock closely misses the human.
The human hits you with a +0 short sword!
The human hits you!
You die...

▓▓▓▓▓▓ ▓▓▓ ...♣.♣♣ ♣.#
##### ....♣.♣ ♣.# #___
....♣.♣ ♣.# #__
..†.≈♣♣♣♣♣.###+#p###+##
...≈≈.♣.♣♣.#....@p....#
..≈≈≈≈♣.♣♣.'.⌠........#
..≈≈≈≈≈≈.♣.#...######+#
.≈≈≈≈≈≈....#.⌠.#
.≈≈≈≈≈.....#...#
.≈≈≈.......#+###
...........#
...........#
▓▓▓▓▓▓▓▓▓▓▓▓


You could see 2 humans.

Vanquished Creatures
  A water elemental (D)
  Jessica (D)
  A human (D)
  A phantom (D)
  An endoplasm (D)
  2 rats (D)
7 creatures vanquished.

Vanquished Creatures (others)
  3 plants (D)
3 creatures vanquished.

Grand Total: 10 creatures vanquished

Notes
Turn   | Place    | Note
-------+----------+-------------------------------------------
     0 | D        | MikeHunt the Troll Hunter began the quest for the Orb.
     0 | D        | Reached XP level 1. HP: 19/19 MP: 0/0
     8 | D        | Reached skill level 4 in Throwing
     8 | D        | Reached skill level 1 in Unarmed Combat
    13 | D        | Noticed Jessica
    14 | D        | Killed Jessica
    15 | D        | Reached skill level 5 in Throwing
    15 | D        | Reached XP level 2. HP: 27/27 MP: 1/1
    18 | D        | Reached XP level 3. HP: 33/33 MP: 2/2
    87 | D        | Noticed a water elemental
    92 | D        | Killed a water elemental
    93 | D        | Reached skill level 7 in Throwing
    93 | D        | Reached XP level 4. HP: 21/41 MP: 3/3
   123 | D        | Found a hide-covered altar of Uskayaw.
   123 | D        | Found an iron altar of Okawaru.
   124 | D        | Found a bloodstained altar of Trog.
   124 | D        | Found an ornate altar of the Wu Jian Council.
   124 | D        | Noticed a human
   125 | D        | Noticed a human
   128 | D        | Slain by a human

Illustrated notes

Levels and vault maps discovered:
D:        dungeon_sprint_mu [sprint_mu_entry_forest, sprint_mu_temple_rooms,
          sprint_mu_d1_spiders, sprint_mu_d2_genie, sprint_mu_d3_branching,
          sprint_mu_orc_legion, sprint_mu_elf_gauntlet, sprint_mu_hive_nellie,
          sprint_mu_lair_fedhas, sprint_mu_vaults_butterflies,
          sprint_mu_slime_circle, sprint_mu_swamp_cave, sprint_mu_shoals_kraken,
          sprint_mu_blade_basic, sprint_mu_crypt_lich, sprint_mu_tomb_spiral,
          sprint_mu_vestibule_basic, sprint_mu_gehenna_hellfire,
          sprint_mu_dis_giant, sprint_mu_tartarus_statrot,
          sprint_mu_cocytus_islands, sprint_mu_zot1]

Skill      XL: |  1  2  3 |
---------------+----------+-----
Throwing       | 5 7 |  7.0
Unarmed Combat | 4 6 |  6.4
Fighting       | |  1.5
Dodging        | |  1.5
Stealth        | |  0.3

Action                   |  1- 3 |  4- 6 || total
-------------------------+-------+-------++-------
Melee: Unarmed           |     4 |       ||     4
Throw: Large rock        |    10 |     4 ||    14
Armor: Robe              |     2 |     1 ||     3
Dodge: Dodged            |     3 |     1 ||     4

Table legend: (Time is in decaauts)
 A = Elapsed time spent in this place.
 B = Non-inter-level travel time spent in this place.
 C = Inter-level travel time spent in this place.
 D = Time resting spent in this place.
 E = Time spent auto-exploring this place.
 F = Levels seen in this place.
 G = Mean time per level.
                   A        B        C        D        E       F      G
               +--------+--------+--------+--------+--------+-----+--------+
         Total |    139 |    139 |      0 |     18 |      0 |   1 |  139.0 |
       Dungeon |    139 |    139 |      0 |     18 |      0 |   1 |  139.0 |
               +--------+--------+--------+--------+--------+-----+--------+

Top non-repeatable levels by time:
       D: 139 daAuts
